 Dungeon Crawl Stone Soup version 0.23.2-1-ga50397a6bc (webtiles) character file.

Game seed: 5319755045599592381

194 Gargoyl the Skirmisher (level 5, -4/46 HPs)
             Began as a Centaur Abyssal Knight on May 1, 2019.
             Was a Believer of Lugonu.
             Slain by Crazy Yiuf
             ... wielding a +3 quarterstaff of chaos
              (10 damage)
             ... on level 3 of the Dungeon.
             The game lasted 00:04:59 (2845 turns).

Gargoyl the Skirmisher (Centaur Abyssal Knight)     Turns: 2845, Time: 00:04:59

Health: -4/46      AC: 11    Str: 14    XL:     5   Next: 44%
Magic:  16/16      EV:  2    Int: 15    God:    Lugonu [**....]
Gold:   290        SH:  0    Dex: 10    Spells: 4/4 levels left

rFire    . . .     SeeInvis .   a - +1 hand axe
rCold    . . .     Gourm    .   (no shield)
rNeg     . . .     Faith    .   e - +0 plate armour
rPois    .         Spirit   .   d - +1 helmet
rElec    .         Reflect  .   (no cloak)
rCorr    .         Harm     .   (no gloves)
MR       .....                  (no barding)
Stlth    ..........             r - amulet of regeneration
HPRegen  0.55/turn              m - ring of magical power
MPRegen  0.15/turn              s - +4 ring of intelligence

@: lethally poisoned (-4 -> -5), very quick
A: large, hooves 3, deformed body, speed 2, tough skin 3
a: Depart the Abyss, Bend Space, Renounce Religion


You were on level 3 of the Dungeon.
You worshipped Lugonu.
Lugonu was pleased with you.
You were hungry.

You visited 1 branch of the dungeon, and saw 3 of its levels.
You visited the Abyss 1 time.

You collected 290 gold pieces.

Inventory:

Hand Weapons
 a - a +1 hand axe (weapon)
Missiles
 h - 8 tomahawks (quivered)
Armour
 d - a +1 helmet (worn)
 e - a +0 plate armour (worn)
Jewellery
 m - a ring of magical power (left hand)
 r - an amulet of regeneration (around neck)
 s - a +4 ring of intelligence (right hand)
Wands
 f - a wand of acid (3)
 l - a wand of paralysis (7)
 t - a wand of iceblast (12)
Scrolls
 b - a scroll of blinking
 n - a scroll of teleportation
 p - a scroll of remove curse
Potions
 g - a potion of agility
 k - a potion of degeneration {unknown}
 o - a potion of mutation {unknown}
 q - a potion of invisibility {unknown}
 u - a potion of might {unknown}
 v - a potion of berserk rage {unknown}
Comestibles
 c - 4 rations


   Skills:
 + Level 3.7 Fighting
 + Level 2.9 Axes
 * Level 2.5 Armour
 * Level 1.6 Dodging
 * Level 2.9 Invocations


You had 4 spell levels left.
You didn't know any spells.
Your spell library contained the following spells:

 Spells                   Type           Power        Failure   Level  Hunger
 Corona                   Hex            #......      100%        1    ##.....
 Ensorcelled Hibernation  Hex/Ice        #.....       100%        2    ###....
 Confuse                  Hex            #.......     100%        3    ####...
 Dazzling Spray           Conj/Hex       #.....       100%        3    ####...
 Tukima's Dance           Hex            #.......     100%        3    ####...


Dungeon Overview and Level Annotations

Branches:
Dungeon (3/15)

Altars:
Gozag
Qazlal
Vehumet

Annotations:
D:3 Crazy Yiuf


Innate Abilities, Weirdness & Mutations

You have hooves in place of feet.
Armour fits poorly on your strangely shaped body.
You cover ground very quickly.
You have extremely tough skin. (AC +3)


Message History

You barely miss Crazy Yiuf.
Crazy Yiuf is heavily wounded.
You feel sick. Crazy Yiuf hits you but does no damage.
You barely miss Crazy Yiuf.
Crazy Yiuf is heavily wounded.
You feel sick. Crazy Yiuf hits you but does no damage.
You hit Crazy Yiuf but do no damage.
Crazy Yiuf is heavily wounded.
You feel sick.
Crazy Yiuf hits you with a +3 quarterstaff of chaos!
* * * LOW HITPOINT WARNING * * *
It was a potion of cancellation.
Your magical effects are unravelling.
You feel magically purged.
You feel less wooden.
Your +1 helmet unmelds from your body.
Your +0 plate armour unmelds from your body.
You feel sick.
Crazy Yiuf hits you with a +3 quarterstaff of chaos!
You die...

####..####....#
###.# #......#
##..## #÷#
#.###.## ♣P.P.♣
#.# #.# #.#
♣.PP♣♣ #.#####
#.# #.# ♣♣.♣♣
#.....## #.#
#.# ♣.♣♣
###.....####
#.# #.## ♣♣.♣
#...........
#.###..# ♣.♣♣
###.....####
#......# ♣♣@♣
##........
#.###### #g#
##..##### #.#
... #..# #
#.###### #...#
#..# # #......#
#..)# #..# #
######## #####
#..#####
#####.......
#.....######
####### #


You could see Crazy Yiuf.

Vanquished Creatures
  2 orc priests (D:2)
  Jessica (D:1)
  Robin (D:2)
  2 adders (D:3)
  A worm (D:3)
  3 dart slugs
  2 leopard geckos
  3 orcs (D:2)
  2 giant cockroaches
  12 goblins
  10 hobgoblins
  A quokka (D:3)
  2 ball pythons
  6 bats
  4 frilled lizards
  5 kobolds
  9 rats
66 creatures vanquished.

Vanquished Creatures (others)
  A kobold (D:2)
1 creature vanquished.

Grand Total: 67 creatures vanquished

Notes
Turn   | Place    | Note
-------+----------+-------------------------------------------
     0 | Abyss:1  | Gargoyl the Centaur Abyssal Knight began the quest for the
                  | Orb.
     0 | Abyss:1  | Reached XP level 1. HP: 19/19 MP: 2/2
    57 | Abyss:2  | Noticed an anaconda skeleton
    67 | D:1      | Escaped the Abyss
   163 | D:1      | Reached * piety under Lugonu
   256 | D:1      | Reached XP level 2. HP: 26/26 MP: 3/3
   336 | D:1      | Reached skill level 1 in Dodging
   792 | D:2      | Found a stormy altar of Qazlal.
  1097 | D:2      | Reached XP level 3. HP: 27/31 MP: 4/4
  1191 | D:2      | Noticed Robin
  1224 | D:2      | Noticed Jessica
  1510 | D:1      | Killed Jessica
  1510 | D:1      | Reached XP level 4. HP: 38/38 MP: 5/5
  1761 | D:2      | Reached XP level 5. HP: 40/46 MP: 5/7
  1873 | D:2      | Reached ** piety under Lugonu
  1883 | D:2      | Killed Robin
  2512 | D:3      | Found a faded altar of an unknown god.
  2606 | D:3      | Found a runed translucent door.
  2607 | D:3      | Noticed Crazy Yiuf
  2636 | D:3      | Found a radiant altar of Vehumet.
  2637 | D:3      | Found an opulent altar of Gozag.
  2845 | D:3      | Slain by Crazy Yiuf

Skill      XL: |  1  2  3 |
---------------+----------+-----
Dodging        | 1 |  1.6
Axes           | 2 |  2.9
Armour         | 2 |  2.5
Fighting       | |  3.7
Invocations    | |  2.9

Action                   |  1- 3 |  4- 6 || total
-------------------------+-------+-------++-------
Melee: Hand axe          |   118 |    99 ||   217
       Kick              |    12 |    20 ||    32
Invok: Depart the Abyss  |     1 |       ||     1
  Use: Scroll            |     5 |     2 ||     7
       Potion            |       |     2 ||     2
  Eat: Chunk             |       |     4 ||     4
Armor: Plate armour      |   146 |    71 ||   217
       Leather armour    |     1 |       ||     1
       Skin              |       |     5 ||     5
Dodge: Dodged            |    17 |     6 ||    23
